| TOP OF THE 1ST |
|
Mississippi State University Bulldogs batting - Pitching for University of Conneticut Huskies : RHP Dave Cobos
|
|
Pitching: RHP Dave Cobos
|
|
|
Batting: LHB Vinnie Kalman
|
0-0: Foul Ball, location: 2F 0-1: Called Strike 0-2: Strikes out looking
|
|
Batting: RHB Josh Stene
|
0-0: Called Strike 0-1: Ball 1-1: Ball 2-1: Foul Ball, location: 2F 2-2: Ground out 5-3 (Groundball, 5, EV 100.0 MPH)
|
|
Batting: RHB Alvin Abarca
|
0-0: Called Strike 0-1: Ball 1-1: Ball 2-1: Reached on error, E3 (Groundball, 34, EV 103.1 MPH)
|
|
Batting: RHB Logan Strassburg
|
0-0: Called Strike 0-1: Ball 1-1: Ball 2-1: Foul Ball, location: 2F 2-2: Ground out 5-3 (Groundball, 5L, EV 88.1 MPH)
|
| Top of the 1st over - 0 runs, 0 hits, 1 error, 1 left on base; Mississippi State University 0 - University of Conneticut 0 |
| BOTTOM OF THE 1ST |
|
University of Conneticut Huskies batting - Pitching for Mississippi State University Bulldogs : RHP Gary Gamble
|
|
Pitching: RHP Gary Gamble
|
|
|
Batting: RHB Kyle Finney
|
0-0: Foul Ball, location: 2F 0-1: SINGLE (Line Drive, 56, EV 106.9 MPH)
|
|
Batting: RHB Cullen Elliott
|
0-0: Ball Kyle Finney steals 2nd base 1-0: Ball 2-0: Fly out, F9 (Flyball, 9S, EV 80.0 MPH)
|
|
Batting: LHB Hector Acosta
|
0-0: Swinging Strike 0-1: Called Strike 0-2: Strikes out swinging
|
|
Batting: RHB Jai De san miguel
|
0-0: Ball 1-0: Ball 2-0: Called Strike 2-1: Ball 3-1: Foul Ball, location: 2F 3-2: Base on Balls
|
|
Batting: LHB Jonathan Sica
|
0-0: Ball 1-0: Called Strike 1-1: Ball 2-1: Ground out 4-3 (Groundball, 4, EV 83.1 MPH)
|
| Bottom of the 1st over - 0 runs, 1 hit, 0 errors, 2 left on base; Mississippi State University 0 - University of Conneticut 0 |
| TOP OF THE 2ND |
|
Mississippi State University Bulldogs batting - Pitching for University of Conneticut Huskies : RHP Dave Cobos
|
|
Batting: RHB Josh Simmons
|
0-0: Ground out 4-3 (Groundball, 4M, EV 88.1 MPH)
|
|
Batting: LHB Ricardo Ramos
|
0-0: Ball 1-0: Ball 2-0: Ball 3-0: Base on Balls
|
|
Batting: RHB Karl Lukasiewicz
|
0-0: Fly out, F7 (Line Drive, 78M, EV 107.5 MPH)
|
|
Batting: RHB Freddie Kite
|
0-0: TRIPLE (Line Drive, 89XD, EV 105.0 MPH) Ricardo Ramos scores
|
|
Batting: RHB Jun Qing
|
0-0: Foul Ball, location: 2F 0-1: Ball 1-1: Called Strike 1-2: Fly out, F8 (Flyball, 8LD, EV 99.4 MPH)
|
| Top of the 2nd over - 1 run, 1 hit, 0 errors, 1 left on base; Mississippi State University 1 - University of Conneticut 0 |
| BOTTOM OF THE 2ND |
|
University of Conneticut Huskies batting - Pitching for Mississippi State University Bulldogs : RHP Gary Gamble
|
|
Batting: LHB Omar Alba
|
0-0: Called Strike 0-1: Foul Ball, location: 2F 0-2: Hit by Pitch
|
|
Batting: RHB Victor Ramos
|
0-0: Foul Ball, location: 2F 0-1: Ball 1-1: Foul Ball, location: 2F 1-2: Ball 2-2: Foul Ball, location: 2F 2-2: Foul Ball, location: 2F 2-2: Strikes out looking
|
|
Batting: SHB Miguel Perez
|
0-0: Called Strike 0-1: 2-RUN HOME RUN (Line Drive, 9LD, EV 97.5 MPH), Distance : 374 ft
|
|
Batting: RHB Jack Vokey
|
0-0: Foul Ball, location: 2F 0-1: Ball 1-1: Ball 2-1: Fly out, F8 (Flyball, 78D, EV 83.8 MPH)
|
|
Batting: RHB Kyle Finney
|
0-0: Ball 1-0: DOUBLE (Line Drive, 9LM, EV 110.0 MPH)
|
|
Batting: RHB Cullen Elliott
|
0-0: Ground out 5-3 (Groundball, 56, EV 108.1 MPH)
|
| Bottom of the 2nd over - 2 runs, 2 hits, 0 errors, 1 left on base; Mississippi State University 1 - University of Conneticut 2 |
| TOP OF THE 3RD |
|
Mississippi State University Bulldogs batting - Pitching for University of Conneticut Huskies : RHP Dave Cobos
|
|
Batting: LHB Vinnie Kalman
|
0-0: Fly out, F8 (Flyball, 8LD, EV 100.6 MPH)
|
|
Batting: RHB Josh Stene
|
0-0: Ground out 3-1 (Groundball, 34, EV 105.0 MPH)
|
|
Batting: RHB Alvin Abarca
|
0-0: Ball 1-0: Foul Ball, location: 2F 1-1: Ball 2-1: Ball 3-1: Base on Balls
|
|
Batting: RHB Logan Strassburg
|
0-0: Ball 1-0: Ball 2-0: Ball 3-0: Called Strike 3-1: Called Strike 3-2: Reached on error, E4 (Groundball, 4, EV 103.1 MPH) Alvin Abarca to second
|
|
Batting: RHB Josh Simmons
|
0-0: Called Strike 0-1: Called Strike 0-2: Ball 1-2: Foul Ball, location: 2F 1-2: Ground out 5-3 (Groundball, 56S, EV 67.5 MPH)
|
| Top of the 3rd over - 0 runs, 0 hits, 1 error, 2 left on base; Mississippi State University 1 - University of Conneticut 2 |
| BOTTOM OF THE 3RD |
|
University of Conneticut Huskies batting - Pitching for Mississippi State University Bulldogs : RHP Gary Gamble
|
|
Batting: LHB Hector Acosta
|
0-0: Swinging Strike 0-1: Ball 1-1: Called Strike 1-2: Strikes out swinging, 2-3 out at first.
|
|
Batting: RHB Jai De san miguel
|
0-0: Called Strike 0-1: Ball 1-1: Fly out, F8 (Flyball, 78M, EV 89.4 MPH)
|
|
Batting: LHB Jonathan Sica
|
0-0: Ground out 3-1 (Groundball, 34S, EV 91.9 MPH)
|
| Bottom of the 3rd over - 0 runs, 0 hits, 0 errors, 0 left on base; Mississippi State University 1 - University of Conneticut 2 |
| TOP OF THE 4TH |
|
Mississippi State University Bulldogs batting - Pitching for University of Conneticut Huskies : RHP Dave Cobos
|
|
Batting: LHB Ricardo Ramos
|
0-0: Called Strike 0-1: Ball 1-1: Swinging Strike 1-2: Ball 2-2: Foul Ball, location: 2F 2-2: Ground out 6-3 (Groundball, 6, EV 109.4 MPH)
|
|
Batting: RHB Karl Lukasiewicz
|
0-0: Fly out, F9 (Flyball, 89D, EV 87.5 MPH)
|
|
Batting: RHB Freddie Kite
|
0-0: Ball 1-0: SINGLE (Line Drive, 56, EV 94.4 MPH)
|
|
Batting: RHB Jun Qing
|
0-0: Ball 1-0: Called Strike 1-1: Called Strike Freddie Kite steals 2nd base 1-2: Ground out 6-3 (Groundball, 6, EV 103.1 MPH)
|
| Top of the 4th over - 0 runs, 1 hit, 0 errors, 1 left on base; Mississippi State University 1 - University of Conneticut 2 |
| BOTTOM OF THE 4TH |
|
University of Conneticut Huskies batting - Pitching for Mississippi State University Bulldogs : RHP Gary Gamble
|
|
Batting: LHB Omar Alba
|
0-0: Ball 1-0: Fly out, F7 (Flyball, 78S, EV 85.0 MPH)
|
|
Batting: RHB Victor Ramos
|
0-0: Foul Ball, location: 2F 0-1: Ball 1-1: Foul Ball, location: 2F 1-2: Strikes out swinging
|
|
Batting: SHB Miguel Perez
|
0-0: Ball 1-0: Ball 2-0: Called Strike 2-1: Foul Ball, location: 2F 2-2: Ground out U3 (Groundball, 34, EV 84.4 MPH)
|
| Bottom of the 4th over - 0 runs, 0 hits, 0 errors, 0 left on base; Mississippi State University 1 - University of Conneticut 2 |
| TOP OF THE 5TH |
|
Mississippi State University Bulldogs batting - Pitching for University of Conneticut Huskies : RHP Dave Cobos
|
|
Now at C: Ismael Vega
|
|
|
Now at 1B: Lee Wilbur
|
|
|
Now in RF: Victor Nava
|
|
|
Batting: LHB Vinnie Kalman
|
0-0: Foul Ball, location: 2F 0-1: Ball 1-1: Ball 2-1: Foul Ball, location: 2F 2-2: Fly out, F7 (Line Drive, 7LM, EV 112.5 MPH)
|
|
Batting: RHB Josh Stene
|
0-0: Swinging Strike 0-1: Ball 1-1: Ball 2-1: Foul Ball, location: 2F 2-2: Ball 3-2: Strikes out swinging
|
|
Batting: LHB Danny Shanahan
|
0-0: Called Strike 0-1: Ball 1-1: DOUBLE (Line Drive, 8RXD, EV 96.2 MPH)
|
|
Pinch Hitting: RHB Bill Petipas
|
0-0: Ball Wild Pitch! Danny Shanahan to third 1-0: Ball 2-0: Ball 3-0: Called Strike 3-1: Called Strike 3-2: Fly out, F4 (Line Drive, 4, EV 70.6 MPH)
|
| Top of the 5th over - 0 runs, 1 hit, 0 errors, 1 left on base; Mississippi State University 1 - University of Conneticut 2 |
| BOTTOM OF THE 5TH |
|
University of Conneticut Huskies batting - Pitching for Mississippi State University Bulldogs : RHP Gary Gamble
|
|
Pitching: RHP Julio Espana
|
|
|
Now at 1B: Bill Petipas
|
|
|
Now at 3B: Alexis Gallegos
|
|
|
Batting: RHB Jack Vokey
|
0-0: Ball 1-0: Called Strike 1-1: Foul Ball, location: 2F 1-2: Ball 2-2: Ball 3-2: Strikes out swinging
|
|
Batting: RHB Kyle Finney
|
0-0: Ball 1-0: Called Strike 1-1: Called Strike 1-2: Foul Ball, location: 2F 1-2: Ball 2-2: Ground out 1-3 (Groundball, 13S, EV 65.6 MPH)
|
|
Batting: RHB Cullen Elliott
|
0-0: Called Strike 0-1: Ball 1-1: Ball 2-1: Foul Ball, location: 2F 2-2: SINGLE (Line Drive, 3D, EV 93.8 MPH)
|
|
Pinch Hitting: LHB Greg James
|
0-0: Fly out, F7 (Flyball, 7D, EV 98.1 MPH)
|
| Bottom of the 5th over - 0 runs, 1 hit, 0 errors, 1 left on base; Mississippi State University 1 - University of Conneticut 2 |
| TOP OF THE 6TH |
|
Mississippi State University Bulldogs batting - Pitching for University of Conneticut Huskies : RHP Dave Cobos
|
|
Pitching: RHP Gilberto Herrero
|
|
|
Now in LF: Phil Hilton
|
|
|
Batting: RHB Josh Simmons
|
0-0: Reached on error, E6 (Groundball, 6, EV 79.4 MPH)
|
|
Pinch Hitting: RHB Masahito Sunada
|
0-0: Ball 1-0: Ball 2-0: Foul Ball, location: 2F 2-1: Ball 3-1: Called Strike 3-2: Strikes out swinging
|
|
Pinch Hitting: RHB Cody Ammann
|
0-0: Foul Ball, location: 2F 0-1: SINGLE (Groundball, 56, EV 103.8 MPH) (infield hit) Josh Simmons to second
|
|
Pinch Hitting: RHB Eric Riley
|
0-0: Called Strike 0-1: Ball 1-1: Foul Ball, location: 2F 1-2: Fielders Choice at 2nd, 6-4 (Groundball, 6, EV 91.9 MPH) Josh Simmons to third
|
|
Batting: RHB Jun Qing
|
0-0: Foul Ball, location: 2F 0-1: Ball 1-1: Swinging Strike 1-2: Foul Ball, location: 2F 1-2: Foul Ball, location: 2F 1-2: Strikes out swinging
|
| Top of the 6th over - 0 runs, 1 hit, 1 error, 2 left on base; Mississippi State University 1 - University of Conneticut 2 |
| BOTTOM OF THE 6TH |
|
University of Conneticut Huskies batting - Pitching for Mississippi State University Bulldogs : RHP Julio Espana
|
|
Pitching: RHP Esteban Vidal
|
|
|
Now at SS: Eric Riley
|
|
|
Now in LF: Masahito Sunada
|
|
|
Now in CF: Cody Ammann
|
|
|
Now in RF: Vinnie Kalman
|
|
|
Pinch Hitting: RHB Jordan Nicholas
|
0-0: Fly out, F8 (Flyball, 89XD, EV 93.8 MPH)
|
|
Batting: RHB Lee Wilbur
|
0-0: Ball 1-0: Called Strike 1-1: Foul Ball, location: 2F 1-2: Ball 2-2: DOUBLE (Groundball, 5L, EV 99.4 MPH)
|
|
Batting: LHB Omar Alba
|
0-0: Ball 1-0: Ball 2-0: Foul Ball, location: 2F 2-1: Fly out, F7 (Line Drive, 7LM, EV 91.2 MPH)
|
|
Batting: RHB Victor Nava
|
0-0: Ball 1-0: Ball 2-0: Ball 3-0: Called Strike 3-1: Fly out, F8 (Flyball, 8LS, EV 87.5 MPH)
|
| Bottom of the 6th over - 0 runs, 1 hit, 0 errors, 1 left on base; Mississippi State University 1 - University of Conneticut 2 |
| TOP OF THE 7TH |
|
Mississippi State University Bulldogs batting - Pitching for University of Conneticut Huskies : RHP Gilberto Herrero
|
|
Pitching: RHP Hector Guerra
|
|
|
Now at 3B: Jordan Nicholas
|
|
|
Pinch Hitting: LHB Tom Ploughman
|
0-0: Ground out 4-3 (Groundball, 4, EV 101.2 MPH)
|
|
Batting: RHB Alexis Gallegos
|
0-0: Called Strike 0-1: SINGLE (Line Drive, 78S, EV 90.6 MPH)
|
|
Batting: LHB Danny Shanahan
|
0-0: Ball Alexis Gallegos steals 2nd base 1-0: Ball 2-0: Ball 3-0: Called Strike 3-1: Fly out, F9 (Flyball, 9LM, EV 98.1 MPH) Runner from 2nd tags up, SAFE at 3rd, no throw by RF
|
|
Pinch Hitting: RHB Benjamin Alderdice
|
0-0: Called Strike 0-1: Fly out, F7 (Flyball, 7S, EV 76.9 MPH)
|
| Top of the 7th over - 0 runs, 1 hit, 0 errors, 1 left on base; Mississippi State University 1 - University of Conneticut 2 |
| BOTTOM OF THE 7TH |
|
University of Conneticut Huskies batting - Pitching for Mississippi State University Bulldogs : RHP Esteban Vidal
|
|
Pitching: RHP Sa'ng Dai
|
|
|
Now at 1B: Benjamin Alderdice
|
|
|
Now in RF: Tom Ploughman
|
|
|
Batting: SHB Ismael Vega
|
0-0: Ball 1-0: Ball 2-0: Ball 3-0: Base on Balls
|
|
Batting: RHB Jack Vokey
|
0-0: Ball 1-0: Called Strike 1-1: Called Strike 1-2: Foul Ball, location: 2F 1-2: Foul Ball, location: 2F 1-2: DOUBLE (Line Drive, 9LM, EV 100.0 MPH) Ismael Vega to third
|
|
Batting: LHB Andrew Barzee
|
0-0: Foul Ball, location: 2F 0-1: Ball 1-1: Swinging Strike 1-2: Foul Ball, location: 2F 1-2: Ball 2-2: Strikes out looking
|
|
Batting: RHB Cullen Elliott
|
0-0: Ball 1-0: Foul Ball, location: 2F 1-1: Ball 2-1: DOUBLE (Groundball, 5L, EV 108.1 MPH) Ismael Vega scores Jack Vokey scores
|
|
Batting: RHB Phil Hilton
|
0-0: Called Strike 0-1: Called Strike 0-2: Foul Ball, location: 2F 0-2: Foul Ball, location: 2F 0-2: Ball 1-2: Ground out 4-3 (Groundball, 34, EV 82.5 MPH) Cullen Elliott to third
|
|
Batting: RHB Jordan Nicholas
|
0-0: Called Strike 0-1: Ball 1-1: Ball Wild Pitch! Cullen Elliott scores 2-1: Fly out, F7 (Flyball, 7, EV 86.9 MPH)
|
| Bottom of the 7th over - 3 runs, 2 hits, 0 errors, 0 left on base; Mississippi State University 1 - University of Conneticut 5 |
| TOP OF THE 8TH |
|
Mississippi State University Bulldogs batting - Pitching for University of Conneticut Huskies : RHP Hector Guerra
|
|
Batting: RHB Josh Simmons
|
0-0: Ball 1-0: Ball 2-0: Ground out 5-3 (Groundball, 5D, EV 90.6 MPH)
|
|
Batting: RHB Masahito Sunada
|
0-0: Called Strike 0-1: Ball 1-1: DOUBLE (Line Drive, 5D, EV 102.5 MPH)
|
|
Batting: RHB Cody Ammann
|
0-0: SINGLE (Groundball, 3D, EV 98.1 MPH) Masahito Sunada to third Runner from 3rd tries for Home, throw by RF and OUT! 9-2
|
|
Batting: RHB Eric Riley
|
0-0: Ball 1-0: SINGLE (Groundball, 34D, EV 93.8 MPH) Cody Ammann to second Runner from 2nd tries for 3rd, SAFE, throw by RF made to third Eric Riley to second
|
|
Batting: RHB Jun Qing
|
0-0: Ball 1-0: Swinging Strike 1-1: Ball 2-1: Swinging Strike 2-2: Strikes out looking
|
| Top of the 8th over - 0 runs, 3 hits, 0 errors, 2 left on base; Mississippi State University 1 - University of Conneticut 5 |
| BOTTOM OF THE 8TH |
|
University of Conneticut Huskies batting - Pitching for Mississippi State University Bulldogs : RHP Sa'ng Dai
|
|
Pitching: RHP Antonio Ramirez
|
|
|
Now in LF: Benito Gonzales
|
|
|
Batting: RHB Lee Wilbur
|
0-0: Foul Ball, location: 2F 0-1: Ball 1-1: Ball 2-1: Swinging Strike 2-2: Strikes out swinging
|
|
Batting: LHB Omar Alba
|
0-0: Called Strike 0-1: Ground out 4-3 (Groundball, 4, EV 84.4 MPH)
|
|
Batting: RHB Victor Nava
|
0-0: Ball 1-0: Called Strike 1-1: Swinging Strike 1-2: Ball 2-2: Foul Ball, location: 2F 2-2: Foul Ball, location: 2F 2-2: Ground out 6-3 (Groundball, 6MS, EV 71.2 MPH)
|
| Bottom of the 8th over - 0 runs, 0 hits, 0 errors, 0 left on base; Mississippi State University 1 - University of Conneticut 5 |
| TOP OF THE 9TH |
|
Mississippi State University Bulldogs batting - Pitching for University of Conneticut Huskies : RHP Hector Guerra
|
|
Pitching: LHP Jim Weinberg
|
|
|
Pinch Hitting: RHB Oscar Vargas
|
0-0: Ball 1-0: Foul Ball, location: 2F 1-1: Called Strike 1-2: Ball 2-2: Strikes out swinging
|
|
Batting: RHB Alexis Gallegos
|
0-0: Called Strike 0-1: Ball 1-1: Swinging Strike 1-2: Ball 2-2: Ground out 3-1 (Groundball, 13, EV 85.6 MPH)
|
|
Batting: RHB Chris Everett
|
0-0: SOLO HOME RUN (Flyball, 7D, EV 107.5 MPH), Distance : 411 ft
|
|
Batting: RHB Benjamin Alderdice
|
0-0: Called Strike 0-1: Ball 1-1: Swinging Strike 1-2: SOLO HOME RUN (Flyball, 78XD, EV 114.4 MPH), Distance : 449 ft
|
|
Pinch Hitting: LHB Tim Johnson
|
0-0: Called Strike 0-1: Foul Ball, location: 2F 0-2: Ball 1-2: Ball 2-2: Strikes out looking
|
| Top of the 9th over - 2 runs, 2 hits, 0 errors, 0 left on base; Mississippi State University 3 - University of Conneticut 5 |
|